 Seeded DCSS version 0.28-a0-1033-g1a2f33fa85 (webtiles) character file.

Game seed: 3527403583651477610 (custom seed)

25 croobank the Digger (level 3, -3/25 HPs)
             Began as a Gnoll Earth Elementalist on Dec 7, 2021.
             Slain by a gnoll (6 damage)
             ... on level 2 of the Dungeon.
             The game lasted 00:05:48 (969 turns).

croobank the Digger (Gnoll Earth Elementalist)       Turns: 969, Time: 00:05:49

Health: -3/25      AC:  3    Str:  9    XL:     3   Next: 4%
Magic:  8/9        EV: 12    Int: 14    God:
Gold:   54         SH:  0    Dex: 12    Spells: 10/11 levels left

rFire   . . .      SeeInvis .   f - staff of conjuration
rCold   . . .      Faith    .   (no shield)
rNeg    . . .      Spirit   .   e - +0 leather armour
rPois   .          Reflect  .   (no helmet)
rElec   .          Harm     .   (no cloak)
rCorr   .          Rampage  .   (no gloves)
Will    .....                   (no boots)
Stlth   ++........              (no amulet)
HPRegen 0.08/turn               (no ring)
MPRegen 0.11/turn               (no ring)

@: mighty
A: fangs 1, strong nose, distributed training
a: no special abilities


You were on level 2 of the Dungeon.
You visited 1 branch of the dungeon, and saw 3 of its levels.

You collected 54 gold pieces.

Inventory:

Hand Weapons
 k - a +0 falchion
Missiles
 c - 9 stones
 g - 14 sling bullets
 j - 8 arrows
Armour
 b - a +0 robe
 e - a +0 leather armour (worn)
Magical Staves
 f - a staff of conjuration (weapon)
Scrolls
 a - a scroll of immolation {immolation, unknown}
 d - a scroll of fog {fog, unknown}
 h - a scroll of identify {identify, unknown}


   Skills:
 + Level 0.5 Fighting
 + Level 0.5 Short Blades
 + Level 0.5 Long Blades
 + Level 0.5 Axes
 + Level 0.5 Maces & Flails
 + Level 0.5 Polearms
 + Level 0.5 Staves
 + Level 0.5 Slings
 + Level 0.5 Bows
 + Level 0.5 Crossbows
 + Level 0.5 Throwing
 + Level 0.5 Armour
 + Level 4.5 Dodging
 + Level 4.1 Stealth
 + Level 0.5 Shields
 + Level 0.5 Unarmed Combat
 + Level 4.9 Spellcasting
 + Level 0.4 Conjurations
 + Level 0.4 Hexes
 + Level 0.4 Summonings
 + Level 0.4 Necromancy
 + Level 0.4 Translocations
 + Level 2.0 Transmutations
 + Level 0.4 Fire Magic
 + Level 0.4 Ice Magic
 + Level 0.4 Air Magic
 + Level 5.4 Earth Magic
 + Level 0.4 Poison Magic
 + Level 0.7 Invocations
 + Level 0.5 Evocations


You had 10 spell levels left.
You knew the following spells:

 Your Spells              Type           Power      Damage    Failure   Level
a - Sandblast             Erth           36%        2d10      2%          1

Your spell library contained the following spells:

 Spells                   Type           Power      Damage    Failure   Level
 Passwall                 Tmut/Erth      10%        N/A       8%          2
 Stone Arrow              Conj/Erth      34%        3d9       22%         3
 Petrify                  Tmut/Erth      13%        N/A       45%         4


Dungeon Overview and Level Annotations

Branches:
Dungeon (3/15)

Altars:


Innate Abilities, Weirdness & Mutations

You have very sharp teeth.
Your uncanny sense of smell can sniff out nearby items.
Your experience applies equally to all skills.


Message History

Aim: a quokka (heavily wounded, 71% to hit)
The blast of sand hits the quokka!
You kill the quokka!
You start resting.
Magic restored.
Found 8 arrows.
You see here 8 arrows.
j - 8 arrows HP restored.
Found 5 javelins.
There are no items here.
A sudden malevolence fills the Dungeon...
You fall into a shaft and drop 1 floor!
The shaft crumbles and collapses.
Found a stone staircase leading down.
Found a falchion.
You see here a +0 falchion.
k - a +0 falchion
There is a stone staircase leading down here.
You climb downwards.
The gnoll shouts! x3
There is a stone staircase leading up here.
The gnoll hits you with a +0 club. The gnoll barely misses you.
The gnoll hits you with a +0 halberd!
You climb upwards.
There is a stone staircase leading down here.
Aiming: Sandblast (safe; 2% risk of failure)
Press: ? - help, Q - select action, (/) - cycle Shift-Dir - straight line, f - gnoll
Aim: a gnoll, wielding a +0 club (82% to hit)
The blast of sand misses the gnoll.
The gnoll completely misses you. The gnoll hits you with a +0 club.
The gnoll barely misses you.
It was a potion of might.
You feel very mighty all of a sudden. The gnoll hits you with a +0 club!
* * * LOW HITPOINT WARNING * * *
You hit the gnoll!
The gnoll is heavily wounded.
The gnoll hits you with a +0 club.
You die...

#.# ### #.. ... #.###
.####### #.#.. .....##
#.#.# ##.#.## #.#.#
#...... #
#.#.########....##
##.#@#>..............
#....g.g.............
........................
#.###.#.................
#.###............... #.
###.#........... #
#.#...........
#.#...........
#.#.##........


You could see 2 gnolls.

Vanquished Creatures
  2 dart slugs (D:1)
  3 giant cockroaches
  2 goblins (D:1)
  3 hobgoblins
  2 kobolds (D:1)
  3 quokkas (D:1)
  A ball python (D:2)
  A bat (D:1)
  A frilled lizard (D:1)
18 creatures vanquished.

Notes
Turn   | Place    | Note
-------+----------+-------------------------------------------
     0 | D:1      | croobank the Gnoll Earth Elementalist began the quest for
                  | the Orb.
     0 | D:1      | Reached XP level 1. HP: 13/13 MP: 6/6
   213 | D:1      | Reached XP level 2. HP: 6/19 MP: 2/7
   654 | D:1      | Reached XP level 3. HP: 18/25 MP: 2/9
   947 | D:1      | You fall into a shaft and drop 1 floor!
   969 | D:2      | Slain by a gnoll

Illustrated notes

Levels and vault maps discovered:
D:1:      dpeg_arrival_chambers_temple_mockup, layout_loops_ring, serial_shops,
          shop_fountains
D:2:      mumra_celtic_spiral_tile, layout_basic, basic_altar
D:3:      layout_basic, hellmonk_ecumenical_altar_crossroads,
          gammafunk_ghost_split, uniq_terence, uniq_natasha, uniq_grinder

Skill      XL: |  1 |
---------------+----+-----
Transmutations | 2 |  2.0
Fighting       | |  0.5
Short Blades   | |  0.5
Long Blades    | |  0.5
Axes           | |  0.5
Maces & Flails | |  0.5
Polearms       | |  0.5
Staves         | |  0.5
Slings         | |  0.5
Bows           | |  0.5
Crossbows      | |  0.5
Throwing       | |  0.5
Armour         | |  0.5
Dodging        | |  4.5
Stealth        | |  4.1
Shields        | |  0.5
Unarmed Combat | |  0.5
Spellcasting   | |  4.9
Conjurations   | |  0.4
Hexes          | |  0.4
Summonings     | |  0.4
Necromancy     | |  0.4
Translocations | |  0.4
Fire Magic     | |  0.4
Ice Magic      | |  0.4
Air Magic      | |  0.4
Earth Magic    | |  5.4
Poison Magic   | |  0.4
Invocations    | |  0.7
Evocations     | |  0.5

Action                   || total
-------------------------++-------
Melee: Staff             ||    65
       Unarmed           ||     3
       Bite              ||     8
 Cast: Sandblast         ||    22
  Use: Potion            ||     1
 Stab: Sleeping          ||     2
Armor: Leather armour    ||    34
Dodge: Dodged            ||    73

Table legend: (Time is in decaauts)
 A = Elapsed time spent in this place.
 B = Non-inter-level travel time spent in this place.
 C = Inter-level travel time spent in this place.
 D = Time resting spent in this place.
 E = Time spent auto-exploring this place.
 F = Levels seen in this place.
 G = Mean time per level.
                   A        B        C        D        E       F      G
               +--------+--------+--------+--------+--------+-----+--------+
         Total |    981 |    957 |     24 |    300 |    364 |   3 |  327.0 |
       Dungeon |    981 |    957 |     24 |    300 |    364 |   3 |  327.0 |
               +--------+--------+--------+--------+--------+-----+--------+

Top non-repeatable levels by time:
     D:1: 825 daAuts
     D:2: 153 daAuts
     D:3: 1 daAuts
